 Dungeon Crawl Stone Soup version 0.29.1-15-g9cfb28693d (webtiles) character file.

Game seed: 5994202724663365217

38 Silvore the Covered (level 3, 0/33 HPs)
             Began as a Minotaur Fighter on May 1, 2023.
             Frozen to death by an endoplasm (5 damage)
             ... on level 2 of the Dungeon.
             The game lasted 00:00:57 (947 turns).

Silvore the Covered (Minotaur Fighter)               Turns: 947, Time: 00:00:58

Health: 0/33       AC:  8    Str: 22    XL:     3   Next: 25%
Magic:  2/2        EV:  6    Int:  5    God:
Gold:   76         SH:  4    Dex:  9    Spells: 2/2 levels left

rFire   . . .      SeeInvis .   a - +0 long sword
rCold   . . .      Faith    .   c - +0 buckler
rNeg    . . .      Spirit   .   b - +0 scale mail
rPois   .          Reflect  .   (helmet restricted)
rElec   .          Harm     .   (no cloak)
rCorr   .          Rampage  .   (no gloves)
Will    .....                   e - +0 pair of boots
Stlth   ..........              (no amulet)
HPRegen 0.11/turn               (no ring)
MPRegen 0.08/turn               (no ring)

@: constricted
A: horns 2, retaliatory headbutt
a: no special abilities


You were on level 2 of the Dungeon.
You visited 1 branch of the dungeon, and saw 2 of its levels.

You collected 76 gold pieces.

Inventory:

Hand Weapons
 a - a +0 long sword (weapon)
Armour
 b - a +0 scale mail (worn)
 c - a +0 buckler (worn)
 e - a +0 pair of boots (worn)
Scrolls
 i - 2 scrolls of teleportation {unknown}
 j - a scroll of noise {unknown}
Potions
 d - a potion of might
 f - a potion of cancellation {unknown}
 g - 2 potions of resistance
 h - a potion of ambrosia {unknown}


   Skills:
 + Level 4.0 Fighting
 + Level 3.0 Long Blades
 + Level 4.3 Armour
 + Level 0.5 Dodging
 + Level 3.9 Shields


You had 2 spell levels left.
You didn't know any spells.
Your spell library was empty.

Dungeon Overview and Level Annotations

Branches:
Dungeon (2/15)

Altars:


Innate Abilities, Weirdness & Mutations

You have a pair of horns on your head.
You reflexively headbutt those who attack you in melee.


Message History

The endoplasm freezes you.
You are frozen.
The ball python bites you but does no damage.
The ball python constricts you.
Your Fighting skill increases to level 4!
Your Long Blades skill increases to level 3!
You hit the adder.
The adder is moderately wounded.
You feel sick. The adder bites you but does no damage.
You block the ball python's attack. The ball python constricts you.
The endoplasm freezes you.
You are frozen.
You block the goblin's attack. The adder bites you but does no damage.
You hit the adder.
The adder is moderately wounded.
You feel sick.
You are no longer poisoned.
You block the ball python's attack. The ball python constricts you.
The endoplasm hits you but does no damage.
The goblin hits you but does no damage. The adder bites you but does no damage.
The ball python barely misses you. The ball python constricts you.
You hit the adder.
The adder is severely wounded.
The adder bites you but does no damage. The endoplasm freezes you.
You are frozen.
* * * LOW HITPOINT WARNING * * *
The goblin hits you but does no damage. You block the ball python's attack.
The ball python constricts you. The adder bites you but does no damage.
The goblin hits you with a +0 dagger.
* * * LOW HITPOINT WARNING * * *
You block the endoplasm's attack.
You barely miss the adder.
The adder is severely wounded.
The ball python barely misses you. The ball python constricts you.
* * * LOW HITPOINT WARNING * * *
You block the adder's attack. The endoplasm freezes you.
You are frozen.
You die...

#.........####.#.#..#
#........(# #.#
#.......).## #.#
##......)...###.#.#
..................#
.#................#
#####.[....####...
#..##...........
#.##..g@......#..
#.....JSS..##...#.
....#.......#
..#.##.##...w....
.##. #. #....<.!. [
.. ......... . ...
......... ##.
.......... ..##....<.


You could see an adder, a dart slug, an endoplasm, a goblin and a ball python.

Vanquished Creatures
  An adder (D:2)
  A dart slug (D:1)
  A ball python (D:1)
  2 bats (D:1)
  2 endoplasms (D:1)
  2 giant cockroaches
  2 goblins (D:2)
  3 hobgoblins (D:1)
  2 kobolds (D:1)
  A quokka (D:2)
  3 frilled lizards (D:1)
  5 rats
25 creatures vanquished.

Notes
Turn   | Place    | Note
-------+----------+-------------------------------------------
     0 | D:1      | Silvore the Minotaur Fighter began the quest for the Orb.
     0 | D:1      | Reached XP level 1. HP: 19/19 MP: 0/0
   173 | D:1      | Reached XP level 2. HP: 23/27 MP: 1/1
   904 | D:2      | Reached XP level 3. HP: 30/33 MP: 2/2
   947 | D:2      | Frozen to death by an endoplasm

Illustrated notes

Levels and vault maps discovered:
D:1:      dpeg_arrival_arbitrary_b, layout_loops_ring
D:2:      layout_rooms, serial_glass, glass_columns_c, glass_columns_a,
          due_unseen_surprise, hellmonk_ecumenical_altar_watching_god

Skill      XL: |  1  2  3 |
---------------+----------+-----
Armour         | 4 |  4.3
Fighting       | 4 |  4.0
Long Blades    | 3 |  3.0
Dodging        | |  0.5
Shields        | |  3.9

Action                   || total
-------------------------++-------
Melee: Long sword        ||    49
       Headbutt          ||     8
  Use: Scroll            ||     4
Armor: Scale mail        ||    47
Dodge: Dodged            ||    35
Block: Buckler           ||    19
